 Dungeon Crawl Stone Soup version 0.16.2-12-gd0ad4c3 (webtiles) character file.

386 magipi the Chopper (level 6, -2/48 HPs)
             Began as a Ghoul Gladiator on Mar 22, 2016.
             Was a Believer of Makhleb.
             Slain by a crocodile (10 damage)
             ... in a sewer.
             The game lasted 00:15:49 (2329 turns).

magipi the Chopper (Ghoul Gladiator)                Turns: 2329, Time: 00:15:49

Health: -2/48      AC:  9    Str: 19    XL:     6   Next: 78%
Magic:  5/5        EV: 10    Int:  8    God:    Makhleb [**....]
Gold:   165        SH:  0    Dex: 10    Spells: 0 memorised, 5 levels left

rFire  . . .     SeeInvis .     a - +0 war axe
rCold  + + .     Clarity  .     u - +0 scale mail
rNeg   + + +     SustAb   .     (no shield)
rPois  ∞         Gourm    .     v - +2 helmet
rElec  .         Spirit   .     (no cloak)
rCorr  .         Warding  .     (no gloves)
rMut   .         Stasis   .     (no boots)
MR     .....                    (no amulet)
Stlth  ..........               b - +4 ring of intelligence
                                c - ring of protection from cold

@: very slightly contaminated, rotting, invisible, not resistant to hostile
enchantments, extremely unstealthy
A: rotting body, claws 1, carnivore 3, cold resistance 1, negative energy
resistance 3, poison resistance, slow healing 1, torment resistance, unbreathing
a: Minor Destruction, Renounce Religion


You were in a sewer.
You worshipped Makhleb.
Makhleb was pleased with you.
You were not hungry.

You visited 1 branch of the dungeon, and saw 5 of its levels.
You also visited: Sewer.

You collected 165 gold pieces.

Inventory:

Hand weapons
 a - a +0 war axe (weapon)
Missiles
 w - 7 javelins (quivered)
Armour
 u - a +0 scale mail (worn)
 v - a +2 helmet (worn)
Jewellery
 b - a +4 ring of intelligence (right claw)
 c - a ring of protection from cold (left claw)
Magical devices
 l - a wand of teleportation (3)
Scrolls
 g - a scroll of teleportation {unknown}
 i - a scroll of noise {unknown}
 k - a scroll of summoning {unknown}
 n - 4 scrolls of remove curse
 o - a scroll of amnesia
 x - a scroll of blinking
Potions
 e - a potion of brilliance
 f - a potion of haste
 h - a potion of invisibility
 m - 3 potions of restore abilities {unknown}
 p - 2 potions of might {unknown}
 q - a potion of curing
 r - a potion of heal wounds
 s - a potion of flight {unknown}
 z - a potion of poison {unknown}
Comestibles
 j - 6 chunks of flesh
 t - 2 beef jerkies


   Skills:
 - Level 2.1 Fighting
 + Level 6.7 Axes
 - Level 1.7 Throwing
 - Level 2.6 Dodging


You had 5 spell levels left.
You didn't know any spells.

Dungeon Overview and Level Annotations

Branches:
Dungeon (5/15)             Temple (0/1) D:4

Altars:
Elyvilon
Makhleb
Vehumet

Shops:
D:4 %


Innate Abilities, Weirdness & Mutations

Your body is rotting away.
You thrive on raw meat.
You have sharp fingernails.
You are carnivorous and can eat meat at any time.
Your flesh is cold resistant.
You are immune to negative energy.
Your system is resistant to poisons.
You heal slowly when monsters are visible.
You are immune to unholy pain and torment.
You can survive without breathing.

Vault maps used:
D:1:      erik_arrival_triangle_small
D:2:      lemuel_coloured_pillars_altar
D:3:      fiery_altar_vehumet, uniq_natasha
D:4:      elyvilon_altar_4, minmay_temple_entry_large_hall, serial_shops,
          kennysheep_little_box, first_bread
D:5:      nicolae_ossuary_entry_monument, portal_sewer_entry_a,
          grunt_decor_mini_mirrors, uniq_edmund
Sewer:    sewer_the_crocodile


Message History

The kobold is moderately wounded.
You closely miss the kobold. The kobold barely misses you.
The kobold barely misses you. x2
The kobold hits you with a whip.
Unknown command.
You barely miss the kobold.
The kobold is moderately wounded.
You miss the kobold. The kobold misses you. The kobold hits you.
Unknown command.
You hit the kobold.
The kobold is heavily wounded.
You hit the kobold but do no damage. The kobold hits you but does no damage.
The kobold hits you but does no damage.
Unknown command.
You closely miss the kobold.
The kobold is heavily wounded.
You hit the kobold.
The kobold is moderately wounded.
The kobold hits you but does no damage. The kobold hits you with a whip.
Unknown command.
Unknown command.
You slash the kobold!
You kill the kobold!
Makhleb accepts your kill.
You feel a little better.
You hit the kobold.
You kill the kobold!
Makhleb accepts your kill.
Items here: ( ) †† a stone; a dagger; a kobold corpse; a jackal corpse Butcher a kobold corpse? [(y)es/(c)hop/(n)o/(a)ll/(q)uit/?]
You butcher the kobold corpse.
You butcher the jackal corpse.
j - 5 chunks of flesh (gained 2);
j - 7 chunks of flesh (gained 2)
Things that are here:
a stone; a dagger Eat one of 7 chunks of flesh? (ye/n/q/i?) This raw flesh tastes great!
You continue eating. x2
Found a potion of blood.
Found a potion of invisibility and a scroll of blinking.
h - 2 potions of invisibility (gained 1)
x - a scroll of blinking You see here a potion of blood.
You enter the shallow water.
Moving in this stuff is going to be slow.
You enter the shallow water.
Moving in this stuff is going to be slow.
A crocodile comes into view.
Found a bread ration and a quarterstaff.
Throwing (i - inventory. (,) - cycle):
d - 3 throwing nets (quivered)
Press: ? - help, Shift-Dir - straight line, f - crocodile
Aim: a crocodile You throw a throwing net.
The throwing net barely misses the crocodile.
You hear a splash.
The crocodile bites you but does no damage.
Unknown command.
Throwing (i - inventory. (,) - cycle):
d - 2 throwing nets (quivered)
Press: ? - help, Shift-Dir - straight line, f/p - crocodile
Aim: a crocodile You throw a throwing net.
The throwing net closely misses the crocodile.
You hear a splash.
The crocodile bites you.
Unknown command.
Throwing (i - inventory. (,) - cycle):
d - a throwing net (quivered)
Press: ? - help, Shift-Dir - straight line, f/p - crocodile
Aim: a crocodile You throw a throwing net.
The throwing net hits the crocodile.
The crocodile is caught in the net!
The crocodile struggles against the net.
Unknown command.
You hit the crocodile but do no damage.
The crocodile struggles against the net.
You hit the crocodile.
The crocodile is lightly wounded.
The crocodile struggles against the net.
You slash the crocodile!
The crocodile is heavily wounded.
The crocodile struggles against the net. x2
The net rips apart, and the crocodile comes free!
You hit the crocodile.
The crocodile is severely wounded.
The crocodile bites you.
You slash the crocodile!
The crocodile is almost dead.
The crocodile bites you!
You hit the crocodile but do no damage.
The crocodile is almost dead.
The crocodile bites you!
* * * LOW HITPOINT WARNING * * *
Drink which item? (? for menu, Esc to quit)
You fade into invisibility!
The crocodile bites you.
* * * LOW HITPOINT WARNING * * *
You are very lightly contaminated with residual magic.
Your scale mail prevents you from hitting the crocodile.
The crocodile is almost dead.
The crocodile bites you!
You die...

..≈#
##...##
#(≈...#
##...≈.#
#...#
##.≈##
#.≈≈#
#t.## #@.#
#.≈# ..
#.≈## #.≈#
#...# ≈≈.#
##..###..#
#...#...#
##...≈.#
#..≈..#
##...##


You could see a crocodile.

Table legend:
 A = Kills in this place as a percentage of kills in entire the game.
 B = Kills by you in this place as a percentage of kills by you in the entire game.
 C = Kills by friends in this place as a percentage of kills by friends in the entire game.
 D = Other kills in this place as a percentage of other kills in the entire game.
 E = Experience gained in this place as a percentage of experience gained in the entire game.
 F = Experience gained in this place divided by the number of levels of this place that you have seen.
                   A       B       C       D       E      F
               +-------+-------+-------+-------+-------+----------------------
         Total | 100.0 | 100.0 |  -nan |  -nan | 100.0 |  92.0
       Dungeon |  94.7 |  94.7 |  -nan |  -nan |  98.7 | 109.0
         Sewer |   5.3 |   5.3 |  -nan |  -nan |   1.3 |   7.0
               +-------+-------+-------+-------+-------+----------------------

Vanquished Creatures
  A scorpion (D:4)
  2 hounds (D:4)
  3 worker ants (D:4)
  An iguana (D:4)
  Natasha (thrice) (D:3)
  4 adders
  A giant mite (D:5)
  A worm (D:3)
  An ooze (D:4)
  6 giant geckos
  An orc (D:3)
  13 bats
  A bat skeleton (D:4)
  5 giant cockroaches
  15 hobgoblins
  5 jackals
  2 quokkas
  A ball python (D:5)
  4 giant newts
  11 goblins
  7 kobolds
  11 rats
99 creatures vanquished.

Vanquished Creatures (others)
  A giant cockroach (D:3)
1 creature vanquished.

Grand Total: 100 creatures vanquished

Notes
Turn   | Place    | Note
--------------------------------------------------------------
     0 | D:1      | magipi, the Ghoul Gladiator, began the quest for the Orb.
     0 | D:1      | Reached XP level 1. HP: 17/17 MP: 1/1
   113 | D:1      | Reached skill level 3 in Axes
   173 | D:1      | Reached XP level 2. HP: 19/24 MP: 2/2
   522 | D:2      | Found a burning altar of Makhleb.
   537 | D:2      | Became a worshipper of Makhleb the Destroyer
   634 | D:2      | Reached XP level 3. HP: 27/29 MP: 3/3
   733 | D:2      | Reached skill level 4 in Axes
  1032 | D:3      | Found a radiant altar of Vehumet.
  1035 | D:3      | Acquired Makhleb's first power
  1043 | D:3      | Reached XP level 4. HP: 33/35 MP: 3/3
  1601 | D:3      | Noticed Natasha
  1613 | D:3      | Killed Natasha
  1613 | D:3      | Reached skill level 5 in Axes
  1613 | D:3      | Reached XP level 5. HP: 28/40 MP: 4/4
  1633 | D:3      | Noticed Natasha
  1673 | D:3      | HP: 2/41 [Natasha (3)]
  1734 | D:3      | Killed Natasha
  1736 | D:3      | Acquired Makhleb's second power
  1750 | D:3      | Noticed Natasha
  1753 | D:3      | Killed Natasha
  1938 | D:4      | Found a staircase to the Ecumenical Temple.
  2027 | D:4      | Reached skill level 6 in Axes
  2027 | D:4      | Reached XP level 6. HP: 36/48 MP: 5/5
  2033 | D:4      | Found Riodetal's Food Boutique.
  2113 | D:4      | Found a white marble altar of Elyvilon.
  2183 | D:5      | Entered Level 5 of the Dungeon
  2224 | D:5      | Found a glowing drain.
  2255 | Sewer    | Entered a sewer
  2329 | Sewer    | Slain by a crocodile

Action                   |  1- 3 |  4- 6 || total
-------------------------+-------+-------++-------
Melee: War axe           |   118 |   205 ||   323
Throw: Throwing net      |       |     6 ||     6
  Use: Scroll            |       |    12 ||    12
       Potion            |       |     3 ||     3
  Eat: Chunk             |    10 |    18 ||    28

Action                   |  1- 3 |  4- 6 || total
-------------------------+-------+-------++-------
Melee: War axe           |   118 |   205 ||   323
Throw: Throwing net      |       |     6 ||     6
  Use: Scroll            |       |    12 ||    12
       Potion            |       |     3 ||     3
  Eat: Chunk             |    10 |    18 ||    28

Action                   |  1- 3 |  4- 6 || total
-------------------------+-------+-------++-------
Melee: War axe           |   118 |   205 ||   323
Throw: Throwing net      |       |     6 ||     6
  Use: Scroll            |       |    12 ||    12
       Potion            |       |     3 ||     3
  Eat: Chunk             |    10 |    18 ||    28
